Cogmind - Beta 10.2 @@@ ROGUE MODE // 2021.12.24 @ 13:23:12 Player: Tilda Result: Destroyed by G-47 Trooper with Particle Gun Performance ------------- Evolutions (1) 500 Regions Visited (2) 400 Robots Destroyed (21) 105 Value Destroyed (472) 472 Prototype IDs (2) 40 Alien Tech Used (0) 0 Bonus (0) 0 TOTAL SCORE: 1517 Bonus ------- None Cogmind --------- Core Integrity 0/400 Matter 275/300 Energy 17/100 System Corruption 0% Temperature Cool (9) Movement Core (50) Location -9/Materials Parts ------- > --- POWER (2) -------- (None) > --- PROPULSION (3) --- (None) > --- UTILITY (2) ------ Medium Storage Unit Weight Redist. System > --- WEAPON (2) ------- (None) > --- INVENTORY (8) ---- Heat Sink Peak State ------------ > --- POWER ------------ Ion Engine Nuclear Core > --- PROPULSION ------- Light Treads Light Treads > --- UTILITY ---------- Advanced Sensor Array Improved Propulsion Shielding > --- WEAPON ----------- Beam Rifle Flail > --- INVENTORY -------- Heat Sink Small Laser Hammer [Rating: 16] Favorites ----------- Power Ion Engine Engine Ion Engine Power Core Nuclear Core Propulsion Light Treads Treads Light Treads Wheel Wheel Hover Unit Hover Unit Utility Advanced Sensor Array Device Advanced Sensor Array Storage Medium Storage Unit Processor Seismic Analyzer Hackware System Shield Protection Improved Propulsion Shielding Weapon Hammer Energy Gun Small Laser Ballistic Gun Assault Rifle Launcher Grenade Launcher Impact Weapon Hammer Special Melee Weapon Datajack Build | -11 -10 -9 ------- Run | Scr Mat Mat Slots Evolved 2 | . . 2 Power 1 | . . 1 Propulsion 1 | . . 1 Utility . | . . . Weapon . | . . . Parts Attached 39 | 5 9 25 Power 7 | 1 3 3 Engine 5 | 1 3 1 Core 2 | . . 2 Reactor . | . . . Propulsion 8 | 2 1 5 Treads 4 | . . 4 Leg . | . . . Wheel 3 | 2 1 . Hover 1 | . . 1 Flight . | . . . Utility 12 | 1 2 9 Device 5 | . 1 4 Storage 2 | . 1 1 Processor 1 | 1 . . Hackware 1 | . . 1 Protection 3 | . . 3 Artifact . | . . . Weapon 12 | 1 3 8 Energy Gun 4 | . . 4 Energy Cannon . | . . . Ballistic Gun 2 | 1 1 . Ballistic Cannon . | . . . Launcher 1 | . 1 . Special Weapon . | . . . Impact Weapon 4 | . 1 3 Slashing Weapon . | . . . Piercing Weapon . | . . . Special Melee Weapon 1 | . . 1 Unidentified Prototypes . | . . . Parts Lost 18 | . 4 14 Power 3 | . 1 2 Propulsion 8 | . 2 6 Utility 1 | . . 1 Weapon 6 | . 1 5 Highest Loss Streak 8 | . 4 8 Average Slot Usage (%) 67 | . 74 65 Engine 8 | . 12 7 Core 3 | . . 4 Treads 8 | . . 11 Wheel 6 | . 18 3 Device 7 | . 2 8 Processor 5 | . 14 2 Protection 6 | . . 7 Energy Gun 4 | . . 5 Ballistic Gun 3 | . 14 . Launcher 1 | . 5 . Impact Weapon 7 | . 6 8 Special Melee Weapon 1 | . . 2 Naked Turns . | . . . Heaviest Build 20 | 5 10 20 Greatest Support 46 | 20 20 46 Greatest Overweight (x) 3 | . 1 3 Average Overweight (x) . | . . . Largest Inventory Capacity 12 | 4 12 8 Average Capacity 4 | 4 4 4 Most Carried 4 | 1 4 4 Average Carried 2 | . 2 2 Final Capacity 8 | 4 4 8 Final Carried 4 | 1 4 1 Class Distribution -------------------- 94% | Mutant 5% | Scavenger-Mutant Dominant Class ---------------- Mutant | -10/Materials Mutant | -9/Materials Resources | -11 -10 -9 ----------- Run | Scr Mat Mat Matter Collected 659 | 265 85 309 Remotely 39 | . 39 . Salvage Created 561 | 60 127 374 Parts 45 | 6 17 22 Haulers Intercepted 1 | . . 1 Recyclers Shooed . | . . . Parts Field Recycled . | . . . Retrieved Matter . | . . . Parts Self-Destructed . | . . . Prevented . | . . . Kills | -11 -10 -9 ------- Run | Scr Mat Mat Combat Hostiles Destroyed 16 | 1 9 6 Melee 1 | . . 1 Guns 6 | 1 1 4 AOE 8 | . 8 . Classes Destroyed 7 | 2 3 2 Worker 2 | . 1 1 Builder 1 | . 1 . Tunneler 1 | 1 . . Hauler 1 | . . 1 Swarmer 6 | . 6 . Grunt 7 | 1 3 3 Sentry 3 | . . 3 Best Kill Streak 8 | 2 8 2 Combat Bots Only 6 | 1 6 2 Max Kills in Single Turn 5 | 1 5 1 Gunslinging . | . . . Exploded 3 | . 3 . Melee 1 | . . 1 Uniques/NPCs Destroyed . | . . . Combat | -11 -10 -9 -------- Run | Scr Mat Mat Damage Taken 1854 | 33 342 1479 Core 493 | 10 70 413 Absorbed by Shields 64 | . . 64 Core Remaining (%) 82 | 96 68 . Volleys Fired 64 | 5 20 39 Largest 2 | 1 2 1 Hottest 56 | 20 50 56 Shots Fired 74 | 5 30 39 Gun 64 | 5 20 39 Cannon . | . . . Launcher 10 | . 10 . Special . | . . . Kinetic 28 | 5 20 3 Thermal 36 | . . 36 Explosive 10 | . 10 . Electromagnetic . | . . . Robot Hit Streak 15 | 1 5 15 Robot Miss Streak 5 | 1 5 3 Penetration Max . | . . . Secondary Targets . | . . . Shots Hit Robots 68 | 2 14 52 Core Hits 31 | 3 17 11 Critical Hits . | . . . Critical Kills . | . . . Critical Parts Destroyed . | . . . Melee Attacks 23 | . . 23 Impact 21 | . . 21 Slashing . | . . . Piercing . | . . . Sneak Attacks 2 | . . 2 Combat Hostiles . | . . . Follow-up Attacks . | . . . Damage Inflicted 1614 | 42 874 698 Guns 502 | 42 127 333 Cannons . | . . . Explosions 747 | . 747 . Melee 365 | . . 365 Ramming . | . . . Kinetic 184 | 42 127 15 Thermal 318 | . . 318 Explosive 747 | . 747 . Electromagnetic . | . . . Impact 365 | . . 365 Slashing . | . . . Piercing . | . . . Highest Corruption . | . . . Average Corruption . | . . . Corruption Purged . | . . . Overload Shots . | . . . Overflow Damage 118 | . 64 54 Projectiles . | . . . Explosions 64 | . 64 . Melee 54 | . . 54 Knockbacks . | . . . Impact . | . . . Kinetic . | . . . Secondary . | . . . Self-Inflicted Damage 89 | . 89 . Shots 4 | . 4 . Rammed . | . . . Targets Rammed . | . . . Kicked . | . . . Crushed . | . . . Highest Temperature 178 | . 13 178 Average Temperature 48 | . 7 55 Received Heat Transfer 805 | 18 72 715 Siege Activations . | . . . Robots Corrupted . | . . . Combat Hostiles . | . . . Parts Fried 2 | . . 2 Impact Corruptions 4 | . . 4 Robots Melted . | . . . Combat Hostiles . | . . . Parts Melted . | . . . Heat Transferred 759 | . . 759 Parts Sabotaged . | . . . Parts Stolen . | . . . Parts Stripped . | . . . Power Chain Reactions . | . . . Missiles Intercepted . | . . . Alert | -11 -10 -9 ------- Run | Scr Mat Mat Peak Influence 287 | 25 287 172 Initial 120 | . 16 120 Average 101 | 6 165 92 Maximum Alert Level 1 | . 1 . Low Security (%) 88 | 100 41 100 Level 1 11 | . 58 . Level 2 . | . . . Level 3 . | . . . Level 4 . | . . . Level 5 . | . . . High Security . | . . . Max Security . | . . . Squads Dispatched 2 | . 1 1 Investigation . | . . . Extermination . | . . . Reinforcement 2 | . 1 1 Assault . | . . . Garrison . | . . . Intercept . | . . . Construction Impeded . | . . . Haulers Reinforced . | . . . Stealth | -11 -10 -9 --------- Run | Scr Mat Mat Distress Signals 3 | . . 3 Communications Jammed . | . . . Distress Signals . | . . . Times Spotted 33 | 1 13 19 Peak Tracking Total 7 | 1 7 5 Tactical Retreats 5 | . 1 4 Traps | -11 -10 -9 ------- Run | Scr Mat Mat Traps Triggered 2 | . 1 1 Indirectly . | . . . Trap Hack Attempts . | . . . Triggered . | . . . Disarmed . | . . . Reprogrammed . | . . . Reused . | . . . Traps Extracted . | . . . Installed . | . . . Triggered . | . . . Machines | -11 -10 -9 ---------- Run | Scr Mat Mat Machines Disabled 1 | . 1 . Max in Single Turn 1 | . 1 . Machines Sabotaged . | . . . Garrisons Compromised . | . . . Overloaded Fab Kills . | . . . Fab Network Shutdowns . | . . . Hacking | -11 -10 -9 --------- Run | Scr Mat Mat Machines Accessed 3 | . 1 2 Terminals 2 | . 1 1 Fabricators . | . . . Repair Stations . | . . . Recycling Units . | . . . Scanalyzers 1 | . . 1 Garrison Access . | . . . Total Hacks 6 | . 2 4 Successful 6 | . 2 4 Failed . | . . . Catastrophic . | . . . Database Lockouts . | . . . Manual 1 | . 1 . Terminals 3 | . 2 1 Fabricators . | . . . Repair Stations . | . . . Recycling Units . | . . . Scanalyzers 3 | . . 3 Garrison Access . | . . . Terminal Hacks 3 | . 2 1 Prototype ID Bank 1 | . 1 . Alert Level 1 | . 1 . Recall Investigation 1 | . . 1 Fabricator Hacks . | . . . Repair Station Hacks . | . . . Recycling Unit Hacks . | . . . Scanalyzer 3 | . . 3 Insert Component 2 | . . 2 Analyze 1 | . . 1 Garrison Access Hacks . | . . . Unauthorized Hacks . | . . . Terminals . | . . . Fabricators . | . . . Repair Stations . | . . . Recycling Units . | . . . Scanalyzers . | . . . Garrison Access . | . . . Data Cores Recovered . | . . . Used . | . . . Hacking Detections 1 | . . 1 Full Trace Events 1 | . . 1 Feedback Events . | . . . Feedback Blocked . | . . . Robot Schematics Acquired . | . . . Robots Built . | . . . Matter . | . . . Time . | . . . Total Robot Build Rating . | . . . Part Schematics Acquired 1 | . . 1 Parts Built . | . . . Matter . | . . . Time . | . . . Total Part Build Rating . | . . . Parts Repaired . | . . . Time . | . . . Parts Recycled . | . . . Recycled Matter . | . . . Retrieved Matter . | . . . Retrieved Components . | . . . Parts Scanalyzed 1 | . . 1 Part Schematics Acquired 1 | . . 1 Parts Damaged . | . . . Bothacking | -11 -10 -9 ------------ Run | Scr Mat Mat Used RIF Installer . | . . . Robots Hacked 1 | . . 1 Non-combat 1 | . . 1 Combat . | . . . Robot Hacks Applied 1 | . . 1 parse_system 1 | . . 1 Relay Couplers Released . | . . . Robots Rewired . | . . . Allies Hacked . | . . . Hacks Repelled . | . . . Allies | -11 -10 -9 -------- Run | Scr Mat Mat Total Allies . | . . . Largest Group . | . . . Highest-Rated Group . | . . . Highest-Rated Ally . | . . . Total Orders . | . . . Ally Attacks . | . . . Total Damage . | . . . Kills . | . . . Allies Corrupted . | . . . Allies Melted . | . . . Intel | -11 -10 -9 ------- Run | Scr Mat Mat Robot Analysis Total . | . . . Derelict Logs Recovered . | . . . Drone Launches . | . . . Drone Recoveries . | . . . Exploration | -11 -10 -9 ------------- Run | Scr Mat Mat Turns Passed 1220 | 73 244 903 Spaces Moved 907 | 72 220 615 Core 143 | 18 5 120 Treads 211 | . . 211 Legs . | . . . Wheels 545 | 54 215 276 Hover 8 | . . 8 Flight . | . . . Fastest Speed 50 | 50 50 50 Average Speed 99 | 72 79 109 Slowest Speed 220 | 80 100 220 Overloaded Moves . | . . . Propulsion Burnouts . | . . . Robots Hopped . | . . . Cave-ins Triggered . | . . . Exploration Rate (%) 29 | 6 45 36 Regions Visited 2 Branch Regions . Pre-discovered Areas . | . . . Known Exits Taken . | . . . Unknown Exits Taken 2 | 1 1 . Scrap Searched . | . . . Spaces Dug . | . . . Terrain Destroyed 68 | . 68 . Melee . | . . . Projectile . | . . . AOE 68 | . 68 . Terrain Rammed . | . . . Walls Destroyed . | . . . Machines Disabled . | . . . Actions | -11 -10 -9 --------- Run | Scr Mat Mat Total 1125 | 87 259 779 Wait 39 | . . 39 Move 905 | 71 219 615 Hop . | . . . Pick Up 34 | 6 8 20 Fast Attach . | . . . Attach 35 | 5 8 22 Detach 9 | . 3 6 Swap 4 | . 1 3 Drop 12 | . . 12 Fire 64 | 5 20 39 Melee 23 | . . 23 Ram . | . . . Kick . | . . . Crush . | . . . Escape Stasis . | . . . Rewire . | . . . Trap . | . . . Miscellaneous . | . . . Route ------- -11/Scrapyard -10/Materials -9/Materials (discovered 1 exit: [*Mat]) History --------- Turn | Location | Event 2 | -11/Scrapyard | Met Revision 17 42 | -11/Scrapyard | Discovered new exit (range 8) 74 | -11/Scrapyard | Entered Materials 213 | -10/Materials | Lost 4 parts (1p2n1w) 281 | -10/Materials | Discovered new exit (range 7) 312 | -10/Materials | Build established: Mutant 318 | -10/Materials | Entered another Materials area 318 | -9/Materials | Evolved 2 slots: Power x1, Propulsion x1 508 | -9/Materials | Discovered new exit (range 15) 1080 | -9/Materials | Core integrity fell below 50% 1118 | -9/Materials | Lost 8 parts (1p3n1u3w) 1208 | -9/Materials | Core integrity fell below 20% 1221 | -9/Materials | Destroyed by G-47 Trooper with Particle Gun Last Messages --------------- 01111_ K-01 Serf destroyed. 01113_ Acquired 27 matter. 01129_ W-16 Scout sends out distress signal. 01129_ Sneak attack on A-02 Transporter. 01129_ Destroyed Transport Network Coupler. 01129_ A-02 Transporter system corrupted by crushing effect. 01130_ A-02 Transporter system terminally corrupted. 01130_ Ion Engine fried. [Achievement: Loot Pinata] 01132_ Acquired 50 matter. 01140_ Acquired Weight Redist. System. 01141_ Acquired Lgt. Treads. 01143_ Acquired Med. Storage Unit. 01145_ R-06 Scavenger collects Prototype Ballistic Gun. 01148_ Dropped Adv. Sensor Array. 01148_ Acquired Lgt. Treads. 01149_ R-06 Scavenger collects Prototype Ballistic Gun. 01184_ Hammer destroyed. 01213_ Lgt. Treads destroyed. [Achievement: First Step to Greatness] Map ----- +----------------------------------------------------+ | ?????????????????#############?????????????? | | ?????????????????# * #?????????????? | | ?????????????????# #?????????????? | | ?????????????????# ! * #????########?? | | ?????????????????# """ """ #????# """ #?? | | ?????????????????# """ """ #????# """ #?? | | ?????????????????# """ """ #????# """ #?? | | ??????????######## #????# #?? | | ??????????# #######+########## #?? | | ??????????# ###### + #?? | | ??????????# + ################### | | ????####??# ###### ###########??# | | ????# #??# #????# ## #??# #### | | ????# #??# #???## ## #??# #### | | ????# #######+####### # #??# ## | | ????# ! [% # #??# ## | | ????# [ T / #??# ## | | #####/#### ##+####### # #??# ## | | # # # #?## # #??# ## | | # # # #??# # #### ## | | # # # """ #??# # + + | | # # + """ #??# ############# ## | | # # # """ #??# #???????????# ## | | # # # #??# #???????????# #### | | # # ########### #???????????#+#??? | | # + g @ #????????????????? | | # # g #????????????????? | | ##########+############ #????????????????? | | ??????????????????????# ########?????????? | | ??????????????????????# # #?????????? | | ??????????????????????# # """ #?????????? | | ??????????????????????+ + """ #?????????? | | ????????????????????? # # """ #?????????? | | ???????????????????? # # """ #?????????? | | ????????????????????#?# # #?????????? | | ??????????????????????# ########?????????? | | ??????????????????????# #????????????????? | | ??????????????????????# #????????????????? | | ??????????????????????# #????????????????? | | ??????????????????????# #????????????????? | | ??????????????????????# #????????????????? | | ????########??????????# #????????????????? | | ????# #??????????# #????????????????? | | ????# """ #??????????# #????????????????? | | ????# """ #??????????# #????????????????? | | ????# """ #??????????# #????????????????? | | ????# #??????????# #????????????????? | | ????# #??????????# #????????????????? | | ????####+############## #????????????????? | | ????# #????????????????? | +----------------------------------------------------+ Best States ------------- Heat Dissipation 28 Energy Generation 19 Energy Capacity 390 Matter Stores 300 Matter Capacity 300 Sight Range 16 Robot Scan Range 16 Terrain Scan Density 60 Additional Mass Support 6 Armor Coverage 225 Propulsion Shielding 66 Evasion (%) 50 Recoil Reduction 2 Item Schematics ----------------- Hammer | -9/Materials | Scanalyzed Robot Schematics ------------------ None Fabricated ------------ Nothing Alien Tech Used ----------------- None Achievements -------------- Crack Shot First Step to Greatness Loot Pinata Storm Trooper Challenges ------------ None Game ------ Seed XenonLaserThrusters Manual? 0 Play Time 00:36:56 Cumulative 1.4 hours Start 2021.12.24 @ 12:43:21 End 2021.12.24 @ 13:23:12 Sessions 1 Manual Loads 0 Difficulty Rogue Special Mode None Game No. 2 Rogue 2 Adventurer 0 Explorer 0 Win Type - Total 0 Types 0/0/0/0/0/0/0/0/0 Lore% 0 Gallery% 3 Achievement% 2 Wizard Run 0 Options --------- ASCII 0 Keyboard 0 Movement Mouse Keybinds 0 Fullscreen 2 Font 36/X11 Map View 76x50 Tactical HUD 1 Map Filters NONE Filters NONE Steam 1 RUN: 4e7bdabf-dea0-4e76-bb8a-3744f2ada37b